 Dungeon Crawl Stone Soup version 0.32-a0-163-g159c032296 (webtiles) character file.

Game seed: 2582729966140794881

7385 jasper the Thaumaturge (level 10, 0/59 HPs)
             Began as a Deep Elf Alchemist on Feb 11, 2024.
             Was a Priest of Vehumet.
             Killed from afar by Lodul (33 damage)
             ... with a bolt of lightning
             ... on level 10 of the Dungeon.
             The game lasted 00:19:37 (11040 turns).

jasper the Thaumaturge (Deep Elf Alchemist)        Turns: 11040, Time: 00:19:37

Health: 0/59       AC:  6    Str:  5    XL:     10   Next: 92%
Magic:  3/25       EV: 15    Int: 31    God:    Vehumet [***...]
Gold:   49         SH: 10    Dex: 15    Spells: 0/27 levels left

rFire   . . .        R - +0 demon whip (freeze)
rCold   + . .        Q - +0 buckler
rNeg    . . .        G - +0 steam dragon scales
rPois   .            (no helmet)
rElec   .            (no cloak)
rCorr   .            (no gloves)
SInv    .            n - +0 pair of boots
Will    +....        x - amulet of reflection
Stlth   ++           O - +6 ring of intelligence
HPRegen 0.29/turn    I - ring of protection from cold
MPRegen 0.19/turn

%: reflection
@: radiating poison
A: no striking features
a: Renounce Religion


You were on level 10 of the Dungeon.
You worshipped Vehumet.
Vehumet was most pleased with you.
You visited 1 branch of the dungeon, and saw 10 of its levels.

You collected 481 gold pieces.
You spent 432 gold pieces at shops.

Inventory:

Hand Weapons
 h - a +0 dagger
 j - a +0 spear
 k - a +0 short sword of venom
 w - the +1 spear "Kosawk" {flame, Str+2}
   (You found it on level 5 of the Dungeon)

   Str+2:     It affects your strength (+2).
 y - a +3 short sword of venom
 H - a +1 scimitar of flaming
 R - a +0 demon whip of freezing (weapon)
Missiles
 l - 10 atropa-tipped darts
 p - 64 stones
 u - 8 boomerangs
 N - a curare-tipped dart
 P - a throwing net
Armour
 a - a +0 robe
 n - a +0 pair of boots (worn)
 G - +0 steam dragon scales (worn)
 Q - a +0 buckler (worn)
Magical Staves
 v - a staff of earth
Jewellery
 f - a ring of positive energy
 x - an amulet of reflection (around neck)
 I - a ring of protection from cold (right hand)
 J - a ring of magical power
 O - a +6 ring of intelligence (left hand)
Wands
 q - a wand of flame (18)
 B - a wand of mindburst (11)
 E - a wand of light (11)
 M - a wand of polymorph (7)
 S - a wand of roots (6)
Scrolls
 s - 2 scrolls of identify
 D - 3 scrolls of blinking
 F - 5 scrolls of immolation
 K - 2 scrolls of teleportation
 L - 2 scrolls of butterflies
 T - a scroll of fog
Potions
 b - a potion of magic
 c - a potion of resistance
 d - 3 potions of cancellation
 e - a potion of curing
 g - 3 potions of lignification
 i - 2 potions of haste
 m - 4 potions of heal wounds
 o - a potion of attraction
 r - 3 potions of brilliance
 t - a potion of mutation
 A - a potion of enlightenment
 C - a potion of berserk rage


   Skills:
 + Level 5.3 Fighting
 + Level 8.3 Dodging
 - Level 2.4 Stealth
 - Level 5.0 Shields
 - Level 9.0 Spellcasting
 - Level 6.0 Conjurations
 - Level 8.0 Hexes
 - Level 4.0 Fire Magic
 - Level 2.0 Air Magic
 - Level 7.0 Alchemy


You couldn't memorise any spells.
You knew the following spells:

 Your Spells              Type           Power      Damage    Failure   Level
a - Magic Dart            Conj           100%       1d8       1%          1
b - Mephitic Cloud        Conj/Alch/Air  44%        N/A       1%          3
c - Olgreb's Toxic Radia  Alch           55%        N/A       1%          4
d - Fulminant Prism       Conj/Alch      26%        3d13      1%          4
e - Sticky Flame          Fire/Alch      48%        2d9       1%          4
f - Tukima's Dance        Hex            59%        N/A       1%          3
g - Yara's Violent Unrav  Hex/Alch       28%        3d12      2%          5
h - Stone Arrow           Conj/Erth      64%        3d11      1%          3

Your spell library contained the following spells:

 Spells                   Type           Power      Damage    Failure   Level
 Kiss of Death            Conj/Necr      100%       2d13      1%          1
 Sting                    Conj/Alch      100%       1d9       1%          1
 Ensorcelled Hibernation  Hex/Ice        76%        N/A       1%          2
 Mercury Vapours          Alch/Air       82%        N/A       1%          2
 Searing Ray              Conj           100%       2d8       1%          2
 Confusing Touch          Hex            59%        N/A       1%          3
 Sigil of Binding         Hex            59%        N/A       1%          3
 Summon Small Mammal      Summ           52%        N/A       6%          1
 Anguish                  Hex/Necr       19%        N/A       12%         4
 Dimensional Bullseye     Hex/Tloc       19%        N/A       12%         4
 Call Canine Familiar     Summ           13%        N/A       19%         3
 Fugue of the Fallen      Necr           13%        N/A       19%         3
 Summon Blazeheart Golem  Fire/Summ      26%        N/A       26%         4
 Dispel Undead            Necr           13%        3d9       52%         4
 Passage of Golubria      Tloc           13%        N/A       52%         4


Dungeon Overview and Level Annotations

Branches:
Dungeon (10/15)            Temple (0/1) D:7
   Lair: D:8-11         Orc: D:9-12

Altars:
Cheibriados
Dithmenos
Elyvilon
Fedhas
Gozag
Kikubaaqudgha
Makhleb
Ru
Sif Muna
Uskayaw
Vehumet
Wu Jian
Xom
Yredelemnul

Shops:
D:9 (

Annotations:
D:4 3 runed translucent doors, jasper's ghost, amateur DEAE
D:5 2 transporters
D:10 Lodul


Message History

You take 27 damage, and have 32/59 hp.
MASSIVE DAMAGE!!
You now have 9/25 mp.
Casting: Olgreb's Toxic Radiance (dangerous; 1% risk of failure)
Confirm with . or Enter, or press ? or * to list all spells.
Aiming: Tukima's Dance (safe; 1% risk of failure)
Press: ? - help, Shift-Dir - straight line, f - ogre
Aim: an ogre, wielding a +0 giant club (noxious fumes, severely wounded, confused, extremely poisoned, chance to affect: 75%)
The ogre struggles to resist.
The ogre looks as sick as possible! x2
The ogre is poisoned.
The ogre looks even sicker.
You kill the ogre!
Vehumet accepts your kill.
You feel your power returning.
The ogre is engulfed in noxious fumes.
You now have 8/25 mp.
Casting: Tukima's Dance (safe; 1% risk of failure)
Confirm with . or Enter, or press ? or * to list all spells.
Aiming: Tukima's Dance (safe; 1% risk of failure)
Press: ? - help, Shift-Dir - straight line, f/p - ogre
Aim: an ogre, wielding a +0 giant club (noxious fumes, almost dead, confused, extremely poisoned, chance to affect: 75%)
The +0 giant club dances into the air!
Lodul looks as sick as possible!
You kill the ogre!
Vehumet accepts your kill.
You feel your power returning.
The ogre looks even sicker.
The ogre is engulfed in noxious fumes.
The ogre appears confused.
The ogre hits your +0 giant club with a +0 giant spiked club!
Electricity crackles from Lodul's apparatus.
The bolt of lightning misses you.
You now have 7/25 mp.
Casting: Tukima's Dance (safe; 1% risk of failure)
Confirm with . or Enter, or press ? or * to list all spells.
You can't see any susceptible monsters within range! (Use Z to cast anyway.) Unknown command.
Casting: Tukima's Dance (safe; 1% risk of failure)
Confirm with . or Enter, or press ? or * to list all spells.
Aiming: Fulminant Prism (dangerous; 1% risk of failure)
Press: ? - help, Dir - move target You conjure a prism of explosive energy!
A fulminant prism comes into view.
Electricity crackles from Lodul's apparatus.
The bolt of lightning hits you!!
Ouch! That really hurt!
You die...

.......<#
..#######..#
...........#####
OO<#.####......#
#O# ####.### #(*
#.# #ยง# #.# #?#
#.# #@# #.#
###.##########.###
#................#
#..###############
#.. ...# ....
#.### #.


You could see Lodul (extremely poisoned), 2 ogres, a friendly +0 giant club and
a friendly fulminant prism.

Vanquished Creatures
  Maggie (D:6)
  A troll (D:9)
  4 wyverns
  17 yaks
  A wraith (D:9)
  3 water moccasins
  2 orc warriors (D:6)
  A sky beast (D:7)
  9 ogres
  3 centaurs
  A phantom (D:7)
  3 kobold brigands
  A gnoll sergeant (D:9)
  4 bullfrogs
  3 scorpions
  4 wights (D:8)
  3 howler monkeys
  2 jellies (D:5)
  5 orc priests
  A gnoll bouda (D:8)
  6 hounds
  3 sleepcaps
  Natasha (thrice) (D:2)
  Terence (D:2)
  3 iguanas
  3 orc wizards (D:9)
  10 gnolls
  7 adders
  A white imp (D:6)
  6 ufetubi
  3 dart slugs
  4 ribbon worms
  17 orcs
  6 ball pythons
  4 bats
  7 endoplasms
  3 giant cockroaches (D:1)
  7 goblins
  5 hobgoblins
  A quokka (D:3)
  8 frilled lizards
  21 kobolds
  4 rats
202 creatures vanquished.

Vanquished Creatures (others)
  16 fulminant prisms
16 creatures vanquished.

Grand Total: 218 creatures vanquished

Notes
Turn   | Place    | Note
-------+----------+-------------------------------------------
     0 | D:1      | jasper the Deep Elf Alchemist began the quest for the Orb.
     0 | D:1      | Reached XP level 1. HP: 10/10 MP: 6/6
    84 | D:1      | Found a faded altar of an unknown god.
   147 | D:1      | Reached XP level 2. HP: 15/15 MP: 4/8
  1116 | D:2      | Reached XP level 3. HP: 19/19 MP: 5/9
  1120 | D:2      | Learned a level 3 spell: Mephitic Cloud
  1155 | D:2      | Noticed Terence
  1168 | D:2      | Killed Terence
  1198 | D:2      | Reached skill level 1 in Air Magic
  1319 | D:2      | Noticed Natasha
  1325 | D:2      | Killed Natasha
  1326 | D:2      | Reached skill level 5 in Alchemy
  1326 | D:2      | Reached XP level 4. HP: 19/24 MP: 4/10
  1331 | D:2      | Learned a level 4 spell: Olgreb's Toxic Radiance
  1646 | D:2      | Noticed Natasha
  1652 | D:2      | Killed Natasha
  1886 | D:2      | Noticed Natasha
  1903 | D:2      | Killed Natasha
  1904 | D:2      | Reached XP level 5. HP: 20/28 MP: 6/11
  2368 | D:3      | Found a radiant altar of Vehumet.
  2379 | D:3      | Became a worshipper of Vehumet
  3168 | D:4      | Found a hide-covered altar of Uskayaw.
  3534 | D:4      | Found a runed translucent gate.
  3535 | D:4      | Found a runed translucent gate.
  3535 | D:4      | Found a runed translucent gate.
  3536 | D:4      | Noticed jasper's ghost (amateur DEAE)
  3776 | D:4      | Reached XP level 6. HP: 25/32 MP: 6/12
  3817 | D:4      | Found a white marble altar of Elyvilon.
  3823 | D:4      | Found an opulent altar of Gozag.
  4078 | D:5      | Entered Level 5 of the Dungeon
  4225 | D:5      | Identified the +0 ring mail "Hulaziul" {Rampage rElec
                  | Stlth+}
  4229 | D:5      | Identified the +1 spear "Kosawk" {flame, Str+2}
  4321 | D:5      | Reached skill level 4 in Spellcasting
  4327 | D:5      | Learned a level 4 spell: Fulminant Prism
  4346 | D:5      | Reached XP level 7. HP: 9/36 MP: 2/15
  4616 | D:5      | Found a basalt altar of Yredelemnul.
  4623 | D:5      | Reached skill level 5 in Conjurations
  4783 | D:5      | Found a transporter.
  4796 | D:5      | Found a transporter.
  5302 | D:5      | Found a shimmering blue altar of Sif Muna.
  5420 | D:5      | Reached skill level 5 in Spellcasting
  5425 | D:5      | Learned a level 4 spell: Sticky Flame
  5789 | D:6      | Identified the +0 scale mail of Haxis {rElec rPois Dex+3}
  5837 | D:6      | Reached skill level 1 in Fire Magic
  5977 | D:6      | Reached * piety under Vehumet
  5977 | D:6      | Offered knowledge of Shock by Vehumet.
  6028 | D:6      | Reached XP level 8. HP: 41/41 MP: 11/17
  6291 | D:6      | Found a shimmering altar of Xom.
  6480 | D:6      | Reached skill level 1 in Fighting
  6480 | D:6      | Reached skill level 6 in Spellcasting
  6484 | D:6      | Learned a level 3 spell: Tukima's Dance
  6658 | D:6      | Found a snail-covered altar of Cheibriados.
  6713 | D:6      | Found a sacrificial altar of Ru.
  6725 | D:6      | Noticed Maggie
  6752 | D:6      | Killed Maggie
  6753 | D:6      | Reached skill level 7 in Spellcasting
  7158 | D:7      | Found a burning altar of Makhleb.
  7282 | D:7      | Reached skill level 8 in Spellcasting
  7525 | D:7      | Reached XP level 9. HP: 49/49 MP: 21/23
  7531 | D:7      | Learned a level 5 spell: Yara's Violent Unravelling
  7647 | D:7      | Found a shadowy altar of Dithmenos.
  7670 | D:7      | Reached skill level 1 in Hexes
  7803 | D:7      | Reached skill level 5 in Dodging
  7926 | D:7      | Found a staircase to the Ecumenical Temple.
  8310 | D:8      | Learned a level 1 spell: Magic Dart
  8655 | D:8      | Reached skill level 5 in Hexes
  8763 | D:8      | Reached ** piety under Vehumet
  8852 | D:8      | Offered knowledge of Static Discharge by Vehumet.
  9419 | D:8      | Reached XP level 10. HP: 49/57 MP: 12/24
  9796 | D:8      | Found a blossoming altar of Fedhas.
  9947 | D:9      | Offered knowledge of Inner Flame by Vehumet.
  9975 | D:9      | Reached skill level 9 in Spellcasting
  9976 | D:9      | Reached *** piety under Vehumet
  9977 | D:9      | Reached skill level 5 in Fighting
 10091 | D:9      | Reached skill level 1 in Shields
 10261 | D:9      | Found Jeelly's Antique Weapon Shoppe.
 10273 | D:9      | Bought a runed demon whip for 432 gold pieces
 10753 | D:9      | Offered knowledge of Stone Arrow by Vehumet.
 10759 | D:9      | Learned a level 3 spell: Stone Arrow
 10861 | D:9      | Found an ancient bone altar of Kikubaaqudgha.
 11001 | D:10     | Entered Level 10 of the Dungeon
 11002 | D:10     | Found an ornate altar of the Wu Jian Council.
 11034 | D:10     | Noticed Lodul
 11036 | D:10     | Reached skill level 5 in Shields
 11040 | D:10     | Killed from afar by Lodul

Illustrated notes

Levels and vault maps discovered:
D:1:      shiori_shiawase, layout_basic, nicolae_ecumenical_lake_church,
          supply_closet_lemuel
D:2:      layout_basic, uniq_natasha, uniq_terence
D:3:      layout_loops_ring, nicolae_vehumet_radiance, roderic_roman_lattice
D:4:      layout_basic, mainiacjoe_overflow_catwalk, kennysheep_mini,
          nicolae_uskayaw_murder_on_the_dancefloor, ebering_ghost_rock_garden,
          kennysheep_another_room
D:5:      gammafunk_wand_slinger, layout_basic, lemuel_tele_altar,
          nicolae_sif_muna_little_library
D:6:      layout_loops_ring, slow_altar_2, lemuel_round_altar,
          mainiacjoe_overflow_alcove_1, minivault_10, uniq_maggie
D:7:      layout_basic, nicolae_overflow_crystal_walls,
          grunt_dithmenos_smoke_and_mirrors, minmay_temple_entry_arrows,
          minmay_misc_feat_roman, hangedman_abyss_or_decor_jellyfish_corner,
          due_unseen_surprise
D:8:      layout_cave_pods, fedhas_altar_fruit_tree, grunt_decor_fettered,
          minmay_misc_feat_square, grunt_ministairs_3
D:9:      layout_long_grid, lemuel_doored_altar, serial_shops, shop
D:10:     minmay_the_grid_octo_tiled_squarecenter [minmay_the_grid_octo_chip,
          minmay_the_grid_octo_thin_diamonds, minmay_the_grid_octo_odd_swirl,
          minmay_the_grid_octo_pinwheel,
          minmay_the_grid_square_5x5_megaprize_crossed,
          minmay_the_grid_square_5x5_two_small, minmay_the_grid_square_5x5_six,
          minmay_the_grid_square_5x5_lines,
          minmay_the_grid_square_5x5_two_walls_a], layout_basic,
          mainiacjoe_overflow_cross_hatched, erik_orc_1, minmay_checkerbox,
          uniq_harold, uniq_erolcha, uniq_lodul, uniq_josephine

Skill      XL: |  1  2  3  4  5  6  7  8  9 10 |
---------------+-------------------------------+-----
Alchemy        | 4 5 6 7 |  7.0
Air Magic      | 1 2 |  2.0
Conjurations   | 2 3 4 6 |  6.0
Spellcasting   | 4 5 8 9 |  9.0
Fire Magic     | 3 4 |  4.0
Fighting       | 2 4 5 |  5.3
Dodging        | 4 6 8 |  8.3
Hexes          | 7 8 |  8.0
Shields        | 5 |  5.0
Stealth        | |  2.4

Action                     |  1- 3 |  4- 6 |  7- 9 | 10-12 || total
---------------------------+-------+-------+-------+-------++-------
  Melee: Short sword       |     4 |    15 |    41 |    10 ||    70
         Punch             |       |       |     1 |       ||     1
         Demon whip        |       |       |       |    15 ||    15
   Cast: Sting             |    54 |    84 |    59 |       ||   197
         Mephitic Cloud    |     1 |     1 |     3 |     1 ||     6
         Olgreb's Toxic Ra |       |     4 |    47 |    24 ||    75
         Sticky Flame      |       |       |    11 |     7 ||    18
         Fulminant Prism   |       |       |    12 |     5 ||    17
         Magic Dart        |       |       |     9 |       ||     9
         Tukima's Dance    |       |       |     2 |     3 ||     5
  Evoke: Wand              |       |       |     1 |       ||     1
    Use: Scroll            |       |     7 |    12 |     2 ||    21
         Potion            |       |       |     1 |       ||     1
   Stab: Confused          |     1 |       |       |       ||     1
 Armour: Robe              |     2 |    21 |    21 |       ||    44
         Steam dragon scal |       |       |    24 |    25 ||    49
  Dodge: Dodged            |     1 |    15 |    35 |    22 ||    73
  Block: Other             |       |       |    20 |     6 ||    26
         Reflection        |       |       |     1 |       ||     1

Table legend: (Time is in decaauts)
 A = Elapsed time spent in this place.
 B = Non-inter-level travel time spent in this place.
 C = Inter-level travel time spent in this place.
 D = Time resting spent in this place.
 E = Time spent auto-exploring this place.
 F = Levels seen in this place.
 G = Mean time per level.
                   A        B        C        D        E       F      G
               +--------+--------+--------+--------+--------+-----+--------+
         Total |  11062 |  10639 |    423 |    427 |   8906 |  10 | 1106.2 |
       Dungeon |  11062 |  10639 |    423 |    427 |   8906 |  10 | 1106.2 |
               +--------+--------+--------+--------+--------+-----+--------+

Top non-repeatable levels by time:
     D:8: 1557 daAuts
     D:5: 1536 daAuts
     D:6: 1514 daAuts
     D:2: 1312 daAuts
     D:7: 1266 daAuts
     D:9: 1072 daAuts
     D:1: 1052 daAuts
     D:4: 909 daAuts
     D:3: 801 daAuts
    D:10: 38 daAuts
